Map: Prion Terraces

Players

TigerGosu

  • Race: Zerg Zerg
  • League: Diamond

LilDicky - Winner!

  • Race: Terran Terran
  • League: Diamond

VOD

http://www.twitch.tv/tumescentpie

Description

Time

  • Played on: Dec. 7, 2015, 9:18 a.m.
  • Length: 7:41
Show
View Real Time Build Order
Export as new Build Order

TigerGosu Zerg 

Build Orders: Hatch First 

Get SALT Encoding   

  12  0:01  Drone  
  13  0:08  Drone  
  14  0:14  Extractor  
  14  0:16  Drone  
  15  0:23  Overlord  
  15  0:41  Drone x2  
  17  0:44  Drone  
  18  0:55  Drone  
  18  1:06  Drone  
  19  1:11  Hatchery  
  19  1:13  Extractor  
  17  1:20  Spawning Pool  
  17  1:23  Drone  
  17  1:27  Drone  
  18  1:38  Drone  
  19  1:49  Drone  
  20  1:59  Overlord  
  20  2:08  Queen  
  22  2:22  Zergling x4  
  24  2:23  Queen  
  24  2:27  Metabolic Boost  
  26  2:30  Drone  
  26  2:32  Drone  
  28  2:40  Drone  
  28  2:43  Drone  
  30  2:45  Queen  
  30  2:48  Overlord  
  32  2:53  Drone  
  32  2:56  Drone  
  34  3:04  Drone  
  35  3:07  Drone  
  36  3:15  Drone  
  37  3:23  Drone  
  37  3:24  Drone x3  
  41  3:29  Overlord  
  41  3:34  Overlord  
  41  3:35  Drone x3  
  44  3:47  Drone  
  45  3:48  Drone  
  45  3:49  Extractor  
  45  3:50  Extractor  
  45  3:53  Drone  
  45  3:54  Hatchery  
  44  3:58  Drone  
  44  3:59  Drone x3  
  48  4:04  Drone x2  
  48  4:05  Drone x2  
  52  4:10  Drone  
  53  4:18  Roach Warren  
  52  4:24  Overlord  
  52  4:31  Spore Crawler  
  51  4:39  Overlord x3  
  50  4:46  Zergling x2  
  50  4:47  Zergling x8  
  50  4:50  Spine Crawler  
  54  4:59  Spine Crawler  
  52  5:00  Zergling x6  
  52  5:01  Spine Crawler  
  48  5:08  Zergling x8  
  48  5:09  Zergling x4  
  48  5:11  Zergling x2  
  48  5:12  Zergling x4  
  46  5:17  Roach  
  39  5:30  Zergling x4  
  39  5:34  Queen  
  36  5:42  Roach x2  
  38  5:43  Spore Crawler  
  38  5:44  Queen  
  38  5:48  Spore Crawler  
  38  5:57  Drone  
  38  5:59  Roach x2  
  38  6:02  Roach  
  40  6:15  Roach x3  
  44  6:23  Roach  
  42  6:40  Roach x3  
  44  6:51  Roach  
  44  6:54  Drone  
  43  6:56  Zergling x8  
  42  7:08  Drone x3  
  39  7:19  Roach  
  39  7:20  Roach  
Show
View Real Time Build Order
Export as new Build Order

LilDicky Terran - Winner!

Build Orders: Liberator Opening 

Get SALT Encoding   

  12  0:02  SCV  
  14  0:14  SCV  
  14  0:17  Supply Depot  
  14  0:27  SCV  
  15  0:30  Refinery  
  15  0:39  SCV  
  16  0:45  Barracks  
  16  0:52  SCV  
  17  1:04  SCV  
  18  1:16  SCV  
  19  1:26  Refinery  
  19  1:28  SCV  
  20  1:34  Supply Depot, Marine  
  21  1:40  Orbital Command  
  22  2:00  Factory  
  22  2:07  SCV  
  22  2:09  Barracks Reactor  
  22  2:19  SCV  
  23  2:26  Supply Depot  
  23  2:32  SCV  
  24  2:44  SCV  
  25  2:45  Armory  
  25  2:47  Factory Tech Lab, Starport  
  25  2:48  Marine x2  
  27  2:52  Supply Depot  
  27  3:03  SCV  
  28  3:05  Marine x2  
  30  3:15  SCV  
  31  3:29  Medivac  
  31  3:31  Thor  
  31  3:33  SCV, Marine x2  
  42  3:39  Supply Depot  
  42  3:45  SCV  
  42  3:48  Supply Depot  
  43  3:53  Liberator  
  43  3:57  Marine x2  
  45  4:03  Supply Depot  
  45  4:15  Marine x2  
  50  4:26  Siege Tank  
  50  4:27  SCV  
  50  4:29  Supply Depot  
  54  4:33  Marine x2  
  56  5:13  Marine  
  54  5:14  Thor  
  60  5:27  SCV  
  61  5:32  Liberator  
  57  5:45  SCV  
  60  6:02  SCV  
  60  6:13  Command Center  
  49  7:04  SCV  
  50  7:16  SCV  
Tags
 
Add a new tag
Caveats
  • Supply blocks, unpowered buildings, or Contaminate may cause inaccurate times.
  • Supply counts are checked every 10 seconds.